Map: 레릴락 마루

Players

HyuN - Winner!

  • Race: Zerg Zerg

Typhux

  • Race: Zerg Zerg
  • League: Diamond

Event: Gauntlet LotV Series 1 Qualifier 2

VOD

Have the link to the VOD?

Description

Time

  • Played on: Dec. 5, 2015, 1:34 p.m.
  • Length: 4:08

All games in this series

Show
View Real Time Build Order
Export as new Build Order

HyuN Zerg - Winner!

Build Orders: Pool Only, Zergling Baneling 

Get SALT Encoding   

  12  0:01  Drone  
  13  0:15  Extractor  
  12  0:24  Spawning Pool  
  11  0:29  Drone  
  11  0:33  Drone  
  13  0:38  Drone  
  14  0:49  Overlord  
  14  1:10  Queen  
  16  1:13  Zergling x2  
  16  1:16  Metabolic Boost  
  17  1:21  Zergling x2  
  18  1:26  Zergling x2  
  19  1:36  Baneling Nest  
  18  1:40  Zergling x2  
  18  1:44  Zergling x2  
  20  1:53  Overlord  
  20  2:02  Zergling x2  
  21  2:14  Zergling x2  
  22  2:20  Baneling x2  
  22  2:22  Zergling x4  
  24  2:23  Zergling x2  
  24  2:26  Baneling  
  24  2:28  Baneling  
  25  2:33  Zergling x2  
  26  2:50  Zergling x4  
  27  2:56  Zergling x6  
  25  3:00  Baneling x2  
  25  3:04  Zergling x2  
  26  3:11  Zergling x2  
  26  3:23  Zergling x2  
  24  3:34  Zergling x2  
  24  3:35  Baneling x2  
  24  3:36  Baneling  
  24  3:37  Zergling x6  
  25  3:56  Drone  
Show
View Real Time Build Order
Export as new Build Order

Typhux Zerg 

Build Orders: Hatch First 

Get SALT Encoding   

  12  0:01  Drone  
  13  0:13  Overlord  
  13  0:18  Drone  
  14  0:23  Extractor  
  14  0:24  Drone  
  15  0:30  Overlord  
  15  0:36  Drone  
  16  0:46  Drone  
  17  0:57  Drone  
  18  1:07  Hatchery, Extractor  
  18  1:09  Drone  
  17  1:24  Spawning Pool  
  16  1:28  Drone  
  18  1:32  Drone  
  19  1:40  Drone  
  19  1:50  Drone  
  21  2:01  Drone  
  21  2:10  Metabolic Boost  
  21  2:11  Queen  
  21  2:15  Zergling x2  
  24  2:19  Queen  
  24  2:20  Zergling x2  
  27  2:28  Baneling Nest, Drone  
  27  2:35  Drone x2  
  27  2:47  Spine Crawler  
  27  2:48  Zergling x4  
  17  2:59  Zergling x2  
  18  3:09  Zergling x2  
  8  3:30  Drone  
  8  3:31  Drone x2  
  8  3:33  Baneling  
  9  3:41  Baneling  
  6  3:49  Zergling x2  
Tags
 
Add a new tag
Caveats
  • Supply blocks, unpowered buildings, or Contaminate may cause inaccurate times.
  • Supply counts are checked every 10 seconds.